AoeStats
← [Massa] Edo

Socotra

506209294Analyzed
2v2 RM · 19d ago on Sep 12, 2026· 41m 44s· 4 players
Game mode
Random Map
Map size
Tiny (2 player)
Population
200
Speed
Normal
Resources
Standard
Victory
Conquest
Starting age
Dark Age
Ending age
Imperial Age
RankedLock teamsTeams togetherTeam positionsShared explorationLock speedFull tech treeHidden civsTurbo modeCheats
Victory
Defeat
🇧🇷 Chinese · Brazil
1448
+12
🇦🇺 Teutons · Australia
1318
+18
🇺🇸 Malians · United States
1402
-17
🇲🇽 Aztecs · Mexico
1316
-13
Moctezama
10:55 Feudal Age
12:53 Fletching
15:43 Loom
17:35 Padded Archer Armor
22:33 Castle Age
21:38 Scale Mail Armor
22:41 Pikeman
32:53 Arson
36:13 Chain Mail Armor
36:08 Forging
42:38 Imperial Age
aaron.herk
6:30 Loom
9:14 Feudal Age
9:44 Man-at-Arms
13:39 Double-Bit Axe
22:31 Castle Age
21:58 Padded Archer Armor
23:29 Fletching
23:41 Elite Skirmisher
23:54 Long Swordsman
37:27 Scale Mail Armor
37:23 Bodkin Arrow
37:39 Forging
[Massa] Edo
0:26 Loom
8:30 Feudal Age
9:23 Double-Bit Axe
12:03 Fletching
15:28 Padded Archer Armor
20:28 Horse Collar
25:38 Castle Age
24:01 Gold Mining
25:44 Crossbowman
26:28 Bodkin Arrow
26:49 Leather Archer Armor
27:48 Thumb Ring
29:21 Ballistics
31:31 Gold Shaft Mining
31:08 Bow Saw
34:18 Wheelbarrow
38:00 Imperial Age
35:39 Stone Mining
36:56 Stone Shaft Mining
37:39 Murder Holes
39:04 Conscription
40:02 Arbalester
BeardyNath
0:48 Loom
11:48 Feudal Age
12:18 Double-Bit Axe
12:41 Horse Collar
21:37 Castle Age
20:07 Scale Barding Armor
20:40 Forging
20:23 Gold Mining
27:21 Fletching
35:08 Wheelbarrow
37:56 Caravan
38:57 Man-at-Arms
Connection lost

Rejoining the realm…

Still unreachable

The connection could not be restored.

Session expired

The server has moved on; the page needs a fresh start.